 Dungeon Crawl Stone Soup version 0.32-a0-675-gdc239d62e1 (webtiles) character file.

Game seed: 3407129591401371140

345 jasper the Insei (level 6, 2/50 HPs)
             Began as a Merfolk Fighter on Mar 11, 2024.
             Quit the game on level 6 of the Dungeon.
             The game lasted 00:05:05 (2754 turns).

jasper the Insei (Merfolk Fighter)                  Turns: 2754, Time: 00:05:05

Health: 2/50       AC:  8    Str: 16    XL:     6   Next: 58%
Magic:  6/6        EV: 10    Int:  7    God:
Gold:   160        SH:  5    Dex: 14    Spells: 5/5 levels left

rFire   . .          .
                       - Unarmed
rCold   . . .        b - +0 buckler
rNeg    . . .        a - +0 scale mail
rPois   .            k - +1 hat
rElec   .            (no cloak)
rCorr   .            (no gloves)
SInv    .            (no boots)
Will    .....        (no amulet) Stlth
                     (no ring)
HPRegen 0.28/turn    (no ring)
MPRegen 0.10/turn

%: no passive effects
@: mighty, lethally poisoned (2 -> -25)
A: (nimble swimmer 2), mertail, clumsy 1, shaggy fur 1
a: no special abilities


You were on level 6 of the Dungeon.
You visited 1 branch of the dungeon, and saw 6 of its levels.

You collected 238 gold pieces.
You spent 78 gold pieces at shops.

Inventory:

Missiles
 f - 36 stones (quivered)
 h - 4 javelins
Armour
 a - a +0 scale mail (worn)
 b - a +0 buckler (worn)
 j - a +0 helmet
 k - a +1 hat (worn)
 l - the -1 pair of gloves of Dogmatism {Harm MP+9}
   (You found it on level 2 of the Dungeon)

   MP+9:      It affects your magic capacity (+9).
   Harm:      It increases damage dealt and taken.
Jewellery
 m - a ring of magical power
Talismans
 i - a flux talisman
Wands
 g - a wand of flame (12)
Scrolls
 c - 2 scrolls of noise
 d - 3 scrolls of teleportation
 e - a scroll of blinking
Potions
 o - 2 potions of might
 p - a potion of attraction


   Skills:
 + Level 4.8 Fighting
 - Level 2.1 Armour
 + Level 3.9 Dodging
 - Level 3.0 Shields
 * Level 5.4 Unarmed Combat


You had 5 spell levels left.
You didn't know any spells.
Your spell library contained the following spells:

 Spells                   Type           Power      Damage    Failure   Level
 Call Canine Familiar     Summ           0%         N/A       100%        3
 Sigil of Binding         Hex            0%         N/A       100%        3
 Dimensional Bullseye     Hex/Tloc       0%         N/A       100%        4


Dungeon Overview and Level Annotations

Branches:
Dungeon (7/15)
 Temple: D:4-7

Altars:

Shops:
D:1 ?

Annotations:
D:3 Ijyb


Innate Abilities, Weirdness & Mutations

((You are very nimble when in or above water. (Stealth+, EV+, Speed+++)))
Your lower body shifts to a powerful aquatic tail in water.
You are clumsy. (Dex -2)
You are covered in fur. (AC +1)


Message History

The orc warrior barely misses you.
You take 3 damage, and have 43/50 hp.
You closely miss the orc wizard.
You feel sick. The orc barely misses you.
The orc wizard hits you with a +0 dagger.
The orc warrior hits you with a +0 scimitar.
You take 7 damage, and have 36/50 hp.
You punch the orc wizard!
The orc wizard is heavily wounded.
You feel sick. The orc barely misses you.
The orc wizard gestures wildly while chanting.
The orc wizard flickers and vanishes!
Deactivating autopickup; reactivate with Ctrl-A.
The orc wizard barely misses you.
The orc hits you from afar with a +0 trident of venom.
You are more poisoned.
The orc warrior hits you with a +0 scimitar.
You take 4 damage, and have 32/50 hp.
You're too confused to move!
You feel very sick. The orc barely misses you.
The orc wizard hits you with a +0 dagger.
The orc hits you from afar with a +0 trident of venom.
You are more poisoned.
The orc warrior hits you with a +0 scimitar!
* * * LOW HITPOINT WARNING * * *
You take 18 damage, and have 14/50 hp.
MASSIVE DAMAGE!!
Okay, then.
You feel less confused.
* * * LOW HITPOINT WARNING * * *
You feel very sick. The orc hits you with a +0 hand axe.
* * * LOW HITPOINT WARNING * * *
The orc wizard hits you with a +0 dagger.
* * * LOW HITPOINT WARNING * * *
The orc attacks as it pursues you!
The orc hits you from afar with a +0 trident of venom.
* * * LOW HITPOINT WARNING * * *
You are more poisoned.
You take 12 damage, and have 2/50 hp.
MASSIVE DAMAGE!!
Are you sure you want to abandon this character and quit the game? (Confirm with "yes".)

....##.....##....#
#..#..>....'o...# # .
#..#...)>..'oo$.# .#..
#..#).>....'.o..#.....
#####[....##.o........
##...##.##........
#######...###....
##.oo.o.### ...
#.@.oo### #..o###
#...## #..## #.. #...
#... .... ...


You could see 2 orc warriors, an orc wizard and 3 orcs.

Vanquished Creatures
  A sky beast (D:3)
  A phantom (D:4)
  Terence (D:2)
  An orc wizard (D:4)
  Robin (D:4)
  3 adders (D:2)
  A ribbon worm (D:4)
  2 dart slugs
  9 orcs
  5 ball pythons
  7 endoplasms
  3 giant cockroaches
  7 goblins
  7 hobgoblins
  3 quokkas
  2 bats
  5 frilled lizards
  4 kobolds
  2 rats
65 creatures vanquished.

Notes
Turn   | Place    | Note
-------+----------+-------------------------------------------
     0 | D:1      | jasper the Merfolk Fighter began the quest for the Orb.
     0 | D:1      | Reached XP level 1. HP: 18/18 MP: 1/1
    42 | D:1      | Found Garohuk's Magic Scroll Emporium.
    95 | D:1      | Bought a scroll of teleportation for 39 gold pieces
   104 | D:1      | Bought a scroll of teleportation for 39 gold pieces
   170 | D:1      | Reached XP level 2. HP: 7/24 MP: 2/2
   291 | D:1      | Reached skill level 1 in Dodging
   516 | D:1      | Reached skill level 3 in Unarmed Combat
   681 | D:1      | Reached XP level 3. HP: 29/29 MP: 3/3
  1073 | D:2      | Noticed Terence
  1106 | D:2      | Gained mutation: You are covered in fur. (AC +1) [potion of
                  | mutation]
  1106 | D:2      | Gained mutation: You are clumsy. (Dex -2) [potion of
                  | mutation]
  1111 | D:2      | Killed Terence
  1112 | D:2      | Reached XP level 4. HP: 9/37 MP: 4/4
  1299 | D:2      | Identified the -1 pair of gloves of Dogmatism {Harm MP+9}
  1588 | D:2      | Reached skill level 4 in Unarmed Combat
  1983 | D:3      | Noticed a sky beast
  2014 | D:3      | Killed a sky beast
  2015 | D:3      | Reached XP level 5. HP: 40/43 MP: 5/5
  2170 | D:3      | Noticed Ijyb
  2170 | D:3      | Noticed Robin
  2185 | D:4      | Killed Robin
  2252 | D:4      | Noticed a phantom
  2271 | D:4      | Killed a phantom
  2272 | D:4      | Reached skill level 5 in Unarmed Combat
  2272 | D:4      | Reached XP level 6. HP: 49/49 MP: 6/6
  2584 | D:4      | You fall into a shaft and drop 3 floors!
  2730 | D:6      | Noticed an orc warrior
  2731 | D:6      | Noticed an orc warrior
  2753 | D:6      | HP: 2/50 [orc/+0 trident of venom (4)]
  2754 | D:6      | Quit the game

Illustrated notes

Levels and vault maps discovered:
D:1:      dpeg_arrival_concentric_ovals, layout_basic, serial_shops, shop_coins,
          skrybe_limestone_x, minmay_tetromino_o2
D:2:      layout_loops_ring, uniq_terence
D:3:      layout_basic, mainiacjoe_overflow_cross_hatched, lemuel_tele_altar,
          nicolae_elyvilon_temple_path, portal_sewer_entry_d,
          nicolae_goblin_pals
D:4:      layout_basic, lemuel_doored_altar, minmay_temple_entry_proselytizer,
          nicolae_zig_zag_zippers, uniq_sigmund
D:6:      layout_rooms, hangedman_ru_absence, mainiacjoe_overflow_chevrons,
          kennysheep_windowed_goal, uniq_maggie
D:7:      layout_cave_pools, chequers_serial_rivers_small_b

Skill      XL: |  1  2  3  4  5 |
---------------+----------------+-----
Dodging        | 1 2 3 |  3.9
Unarmed Combat | 3 4 5 |  5.4
Fighting       | 4 |  4.8
Armour         | |  2.1
Shields        | |  3.0

Action                     |  1- 3 |  4- 6 || total
---------------------------+-------+-------++-------
  Melee: Unarmed           |   116 |   169 ||   285
  Throw: Javelin           |     4 |       ||     4
    Use: Potion            |     4 |     4 ||     8
         Scroll            |       |     7 ||     7
 Armour: Scale mail        |    71 |   103 ||   174
         Skin              |     3 |     5 ||     8
  Dodge: Dodged            |    35 |    64 ||    99
  Block: Buckler           |    30 |    16 ||    46

Table legend: (Time is in decaauts)
 A = Elapsed time spent in this place.
 B = Non-inter-level travel time spent in this place.
 C = Inter-level travel time spent in this place.
 D = Time resting spent in this place.
 E = Time spent auto-exploring this place.
 F = Levels seen in this place.
 G = Mean time per level.
                   A        B        C        D        E       F      G
               +--------+--------+--------+--------+--------+-----+--------+
         Total |   2743 |   2711 |     32 |    221 |   1760 |   6 |  457.2 |
       Dungeon |   2743 |   2711 |     32 |    221 |   1760 |   6 |  457.2 |
               +--------+--------+--------+--------+--------+-----+--------+

Top non-repeatable levels by time:
     D:1: 1039 daAuts
     D:2: 865 daAuts
     D:4: 400 daAuts
     D:3: 269 daAuts
     D:7: 129 daAuts
     D:6: 39 daAuts
